 Dungeon Crawl Stone Soup version 0.31.0-12-g77e489cdc1 (webtiles) character file.

Game seed: 17577051825741668274

3530 jagang the Blocker (level 10, -1/65 (82) HPs)
             Began as a Gnoll Fighter on Feb 15, 2024.
             Was a Believer of Makhleb.
             Slain by Joseph
             ... wielding a +2 quarterstaff of draining
              (5 damage)
             ... on level 8 of the Dungeon.
             The game lasted 00:12:40 (6082 turns).

jagang the Blocker (Gnoll Fighter)                  Turns: 6082, Time: 00:12:41

HP:   -1/65 (82)    AC: 12    Str: 23    XL:     10   Next: 8%
MP:   17/17         EV: 11    Int: 10    God:    Makhleb [**....]
Gold: 360           SH: 17    Dex: 21    Spells: 19/19 levels left

rFire   . . .        s - +7 hand axe "War Ceff" {elec, rElec Int+3}
rCold   . . .        y - +0 tower shield
rNeg    . . .        b - +0 scale mail
rPois   .            (no helmet)
rElec   +            u - +1 cloak {rCorr}
rCorr   +            J - +0 pair of gloves
SInv    .            (no boots)
Will    .....        (no amulet)
Stlth   ++           h - +6 ring of dexterity
HPRegen 0.30/turn    B - +6 ring of strength
MPRegen 0.15/turn

%: no passive effects
@: heavily drained
A: fangs 1, strong nose, distributed training
a: Renounce Religion, Minor Destruction


You were on level 8 of the Dungeon.
You worshipped Makhleb.
Makhleb was pleased with you.
You visited 1 branch of the dungeon, and saw 8 of its levels.

You collected 360 gold pieces.

Inventory:

Hand Weapons
 a - a +0 long sword
 s - the +7 hand axe "War Ceff" (weapon) {elec, rElec Int+3}
   (You found it on level 3 of the Dungeon)

   Int+3:     It affects your intelligence (+3).
   rElec:     It insulates you from electricity.
 I - a +4 short sword of flaming
 R - a +0 battleaxe
Missiles
 G - 10 boomerangs (quivered)
 H - 17 poisoned darts
Armour
 b - a +0 scale mail (worn)
 u - a +1 cloak of preservation (worn)
 y - a +0 tower shield (worn)
 J - a +0 pair of gloves (worn)
Jewellery
 h - a +6 ring of dexterity (left hand)
 i - a ring of wizardry
 o - an amulet of faith
 p - a ring of flight
 B - a +6 ring of strength (right hand)
 E - an amulet of guardian spirit
 K - a +5 ring of evasion
 L - a ring of willpower
 O - a ring of protection from cold
 S - a ring of fire
Talismans
 t - a dragon-blood talisman
Wands
 c - a wand of iceblast (9)
 x - a wand of digging (4)
Scrolls
 e - 2 scrolls of brand weapon
 f - a scroll of enchant armour
 j - a scroll of teleportation
 k - a scroll of noise {unknown}
 l - 3 scrolls of enchant weapon {unknown}
 n - 5 scrolls of identify
 v - a scroll of acquirement {unknown}
 w - 3 scrolls of poison {unknown}
 A - a scroll of fear {unknown}
 C - a scroll of blinking {unknown}
 N - a scroll of amnesia {unknown}
 P - a scroll of revelation {unknown}
Potions
 d - a potion of might
 g - 3 potions of curing
 m - a potion of heal wounds {unknown}
 q - 3 potions of degeneration {unknown}
 r - a potion of brilliance
 z - a potion of berserk rage {unknown}
 D - a potion of ambrosia {unknown}
 F - a potion of magic {unknown}
 M - a potion of haste {unknown}
 Q - a potion of enlightenment {unknown}


   Skills:
 + Level 8.4 Fighting
 + Level 5.1 Short Blades
 + Level 6.9 Long Blades
 + Level 5.1 Axes
 + Level 5.1 Maces & Flails
 + Level 5.1 Polearms
 + Level 5.1 Staves
 + Level 5.1 Ranged Weapons
 + Level 5.1 Throwing
 + Level 8.4 Armour
 + Level 5.1 Dodging
 + Level 5.1 Stealth
 + Level 8.4 Shields
 + Level 5.1 Unarmed Combat
 + Level 5.1 Spellcasting
 + Level 4.2 Conjurations
 + Level 4.2 Hexes
 + Level 4.2 Summonings
 + Level 4.2 Necromancy
 + Level 4.2 Translocations
 + Level 4.2 Fire Magic
 + Level 4.2 Ice Magic
 + Level 4.2 Air Magic
 + Level 4.2 Earth Magic
 + Level 4.2 Alchemy
 + Level 5.6 Invocations
 + Level 5.1 Evocations
 + Level 4.6 Shapeshifting


You had 19 spell levels left.
You didn't know any spells.
Your spell library contained the following spells:

 Spells                   Type           Power      Damage    Failure   Level
 Slow                     Hex            44%        N/A       36%         1
 Confusing Touch          Hex            11%        N/A       73%         3
 Sigil of Binding         Hex            11%        N/A       73%         3
 Vampiric Draining        Necr           11%        2d6       73%         3


Dungeon Overview and Level Annotations

Branches:
Dungeon (8/15)             Temple (0/1) D:7
   Lair: D:8-11

Altars:
Ashenzari
Elyvilon
Fedhas
Hepliaklqana
Makhleb
Okawaru
Sif Muna
The Shining One

Annotations:
D:8 Joseph


Innate Abilities, Weirdness & Mutations

You have very sharp teeth.
Your uncanny sense of smell can sniff out nearby items.
Your experience applies equally to all skills.


Message History

Joseph, a Mercenary comes into view.
He is wielding a +2 quarterstaff of draining.
You slash the wight!
The wight is severely damaged.
You closely miss the wight. The wight hits you but does no damage.
You feel drained. The wight barely misses you.
You closely miss the wight. You bite the wight, but do no damage.
The wight is severely damaged.
You closely miss the wight.
The wight hits you with a +0 great sword of draining!!
You feel drained. x2; The wight closely misses you.
You block the wight's attack.
The wight hits you with a +0 great sword of draining!
You feel drained. x2
You are too injured to fight recklessly!
You are too injured to fight recklessly!
You hit the wight but do no damage.
The wight is severely damaged.
You closely miss Joseph. You completely miss the wight.
You block the wight's attack. You block Joseph's attack.
The wight hits you with a +3 great sword.
* * * LOW HITPOINT WARNING * * *
You feel drained.
* * * LOW HITPOINT WARNING * * *
You slash the wight!
You destroy the wight!
Makhleb accepts your kill.
You feel better.
You hit Joseph. You hit the wight but do no damage.
You block the wight's attack.
Joseph hits you with a +2 quarterstaff of draining.
* * * LOW HITPOINT WARNING * * *
You feel drained.
* * * LOW HITPOINT WARNING * * *
You slash Joseph! Lightning courses through Joseph!
Joseph is moderately wounded.
You closely miss the wight. The wight closely misses you.
Joseph hits you with a +2 quarterstaff of draining!
* * * LOW HITPOINT WARNING * * *
You feel drained. You block the wight's attack.
Joseph hits you with a +2 quarterstaff of draining.
You die...

#........##....#
#........##....#
#....<...###.###
############.#
#.[...#.#
####.....#.#
...........#
####..@..###
......z@)#
###.#.#)## #
#.... ###.## ..#
... .### .


You could see Joseph and a wight.

Vanquished Creatures
  Prince Ribbit (D:5)
  2 yaks (D:7)
  Eustachio (D:4)
  Edmund (D:5)
  Duvessa (D:6)
  2 sky beasts
  2 black bears
  An ogre (D:6)
  A centaur (D:6)
  2 kobold brigands
  3 bullfrogs
  3 scorpions
  2 gnoll sergeants (D:7)
  Dowan (D:6)
  13 wights
  A howler monkey (D:5)
  3 bombardier beetles
  A quasit (D:4)
  An orc priest (D:5)
  A hound (D:4)
  2 jellies (D:7)
  A gnoll bouda (D:7)
  2 sleepcaps
  Ijyb (D:5)
  2 iguanas
  An orc wizard (D:7)
  15 gnolls
  6 adders
  A shadow imp (D:5)
  6 white imps
  4 ufetubi
  An adder zombie (D:2)
  4 dart slugs
  2 ribbon worms (D:2)
  6 orcs
  8 bats
  4 endoplasms
  3 giant cockroaches
  A goblin (D:1)
  7 hobgoblins
  3 jackals (D:4)
  15 kobolds
  2 quokkas
  8 ball pythons
  A frilled lizard (D:1)
  4 rats
153 creatures vanquished.

Notes
Turn   | Place    | Note
-------+----------+-------------------------------------------
     0 | D:1      | jagang the Gnoll Fighter began the quest for the Orb.
     0 | D:1      | Reached XP level 1. HP: 23/23 MP: 1/1
   252 | D:1      | Reached XP level 2. HP: 29/29 MP: 2/2
   592 | D:1      | Found a faded altar of an unknown god.
   811 | D:1      | Reached XP level 3. HP: 35/35 MP: 3/3
  1209 | D:2      | Reached skill level 1 in Invocations
  1271 | D:2      | Reached skill level 1 in Short Blades
  1271 | D:2      | Reached skill level 1 in Axes
  1271 | D:2      | Reached skill level 1 in Maces & Flails
  1271 | D:2      | Reached skill level 1 in Polearms
  1271 | D:2      | Reached skill level 1 in Staves
  1271 | D:2      | Reached skill level 1 in Ranged Weapons
  1271 | D:2      | Reached skill level 1 in Throwing
  1271 | D:2      | Reached skill level 1 in Dodging
  1271 | D:2      | Reached skill level 1 in Stealth
  1271 | D:2      | Reached skill level 1 in Unarmed Combat
  1271 | D:2      | Reached skill level 1 in Spellcasting
  1271 | D:2      | Reached skill level 1 in Evocations
  1430 | D:2      | Reached skill level 1 in Shapeshifting
  1430 | D:2      | Reached XP level 4. HP: 41/41 MP: 5/5
  1766 | D:3      | Identified the +7 hand axe "War Ceff" {elec, rElec Int+3}
  2157 | D:4      | Reached skill level 1 in Conjurations
  2157 | D:4      | Reached skill level 1 in Hexes
  2157 | D:4      | Reached skill level 1 in Summonings
  2157 | D:4      | Reached skill level 1 in Necromancy
  2157 | D:4      | Reached skill level 1 in Translocations
  2157 | D:4      | Reached skill level 1 in Fire Magic
  2157 | D:4      | Reached skill level 1 in Ice Magic
  2157 | D:4      | Reached skill level 1 in Air Magic
  2157 | D:4      | Reached skill level 1 in Earth Magic
  2157 | D:4      | Reached skill level 1 in Alchemy
  2311 | D:4      | Reached XP level 5. HP: 45/47 MP: 5/7
  2608 | D:4      | Reached XP level 6. HP: 53/53 MP: 8/8
  2744 | D:4      | Reached skill level 5 in Long Blades
  2759 | D:4      | Noticed Eustachio
  2765 | D:4      | Killed Eustachio
  2910 | D:4      | Found a burning altar of Makhleb.
  2919 | D:4      | Became a worshipper of Makhleb the Destroyer
  2987 | D:5      | Entered Level 5 of the Dungeon
  3050 | D:5      | Noticed Edmund
  3056 | D:5      | Killed Edmund
  3057 | D:5      | Reached XP level 7. HP: 43/60 MP: 10/10
  3803 | D:5      | Noticed Ijyb
  3812 | D:5      | Killed Ijyb
  4045 | D:5      | Noticed Prince Ribbit
  4058 | D:5      | Killed Prince Ribbit
  4059 | D:5      | Reached XP level 8. HP: 52/67 MP: 12/12
  4866 | D:6      | Noticed Dowan
  4872 | D:6      | Noticed Duvessa
  4879 | D:6      | Killed Duvessa
  4880 | D:6      | Reached XP level 9. HP: 61/73 MP: 14/14
  4883 | D:6      | Killed Dowan
  5291 | D:7      | Found a hazy altar of Hepliaklqana.
  5297 | D:7      | Found a white marble altar of Elyvilon.
  5298 | D:7      | Found a glowing golden altar of the Shining One.
  5298 | D:7      | Found a broken altar of Ashenzari.
  5360 | D:7      | Found an iron altar of Okawaru.
  5438 | D:7      | Reached * piety under Makhleb
  5480 | D:7      | Found a blossoming altar of Fedhas.
  5566 | D:7      | Reached skill level 5 in Invocations
  5622 | D:7      | Found a staircase to the Ecumenical Temple.
  5822 | D:7      | Found a shimmering blue altar of Sif Muna.
  6012 | D:8      | Reached ** piety under Makhleb
  6069 | D:8      | Reached skill level 5 in Short Blades
  6069 | D:8      | Reached skill level 5 in Axes
  6069 | D:8      | Reached skill level 5 in Maces & Flails
  6069 | D:8      | Reached skill level 5 in Polearms
  6069 | D:8      | Reached skill level 5 in Staves
  6069 | D:8      | Reached skill level 5 in Ranged Weapons
  6069 | D:8      | Reached skill level 5 in Throwing
  6069 | D:8      | Reached skill level 5 in Dodging
  6069 | D:8      | Reached skill level 5 in Stealth
  6069 | D:8      | Reached skill level 5 in Unarmed Combat
  6069 | D:8      | Reached skill level 5 in Spellcasting
  6069 | D:8      | Reached skill level 5 in Evocations
  6069 | D:8      | Reached XP level 10. HP: 77/81 MP: 17/17
  6077 | D:8      | Noticed Joseph
  6082 | D:8      | Slain by Joseph

Illustrated notes

Levels and vault maps discovered:
D:1:      eino_arrival_cavern_b, layout_basic, hellmonk_ecumenical_altar_run_dry
D:2:      layout_rooms, serial_undead, serial_undead_b, serial_undead_c,
          serial_undead_b, serial_undead_c
D:3:      layout_rooms, amcnicky_mini_pool_small, nicolae_figureground_sparkle
D:4:      layout_loops_corners, makhleb_heckhound_becter, serial_demonic,
          serial_demonic_b, serial_demonic_c, serial_demonic_c,
          serial_demonic_f, uniq_eustachio
D:5:      layout_basic, uniq_ijyb, uniq_prince_ribbit1, uniq_edmund
D:6:      layout_cave_pools, eino_curves_03, uniq_duvessa
D:7:      layout_gridville, okawaru_trees_1, marbit_many_paths, fedhas_altar_1,
          chequers_temple_overflow_statue_of_worship, temple_doors_ab,
          dreamdust_gnoll_shepherd
D:8:      layout_basic, kennysheep_small_square, uniq_psyche, uniq_joseph

Skill      XL: |  1  2  3  4  5  6  7  8  9 |
---------------+----------------------------+-----
Invocations    | 1 2 3 4 5 |  5.6
Short Blades   | 1 2 3 5 |  5.1
Axes           | 1 2 3 5 |  5.1
Maces & Flails | 1 2 3 5 |  5.1
Polearms       | 1 2 3 5 |  5.1
Staves         | 1 2 3 5 |  5.1
Ranged Weapons | 1 2 3 5 |  5.1
Throwing       | 1 2 3 5 |  5.1
Dodging        | 1 2 3 5 |  5.1
Stealth        | 1 2 3 5 |  5.1
Unarmed Combat | 1 2 3 5 |  5.1
Spellcasting   | 1 2 3 5 |  5.1
Evocations     | 1 2 3 5 |  5.1
Shapeshifting  | 1 2 3 4 |  4.6
Conjurations   | 1 2 3 4 |  4.2
Hexes          | 1 2 3 4 |  4.2
Summonings     | 1 2 3 4 |  4.2
Necromancy     | 1 2 3 4 |  4.2
Translocations | 1 2 3 4 |  4.2
Fire Magic     | 1 2 3 4 |  4.2
Ice Magic      | 1 2 3 4 |  4.2
Air Magic      | 1 2 3 4 |  4.2
Earth Magic    | 1 2 3 4 |  4.2
Alchemy        | 1 2 3 4 |  4.2
Long Blades    | 5 6 |  6.9
Fighting       | 7 8 |  8.4
Armour         | 7 8 |  8.4
Shields        | 7 8 |  8.4

Action                     |  1- 3 |  4- 6 |  7- 9 | 10-12 || total
---------------------------+-------+-------+-------+-------++-------
  Melee: Long sword        |   102 |    15 |       |       ||   117
         Bite              |    13 |     5 |    17 |     3 ||    38
         Hand axe          |       |    51 |   172 |    14 ||   237
  Throw: Boomerang         |       |       |     6 |       ||     6
  Evoke: Wand              |       |       |     2 |       ||     2
    Use: Scroll            |       |       |     5 |       ||     5
 Armour: Scale mail        |    62 |    45 |    82 |    11 ||   200
  Dodge: Dodged            |    57 |    22 |    48 |     5 ||   132
  Block: Buckler           |    34 |    26 |     5 |       ||    65
         Tower shield      |       |       |   161 |    14 ||   175
